 Dungeon Crawl Stone Soup version 0.21-a0-321-g91e3373 (webtiles) character file.

977 terra52 the Fighter (level 8, 0/47 HPs)
             Began as a Vine Stalker Air Elementalist on Sept 30, 2017.
             Was an Initiate of Ashenzari.
             Splashed by a jelly's acid (2 damage)
             ... on level 5 of the Dungeon.
             The game lasted 00:12:21 (2261 turns).

terra52 the Fighter (Vine Stalker Air Elementalist) Turns: 2261, Time: 00:12:22

Health: 0/47       AC: -18   Str: 15    XL:     8   Next: 17%
Magic:  0/12       EV: 15    Int: 15    God:    Ashenzari [......]
Gold:   233        SH:  0    Dex: 16    Spells: 10/11 levels left

rFire    + . .     SeeInvis .   t - +0 hand axe (curse)
rCold    + . .     Gourm    .   (no shield)
rNeg     . . .     Faith    .   u - +0 ring mail (curse)
rPois    .         Spirit   +   (no helmet)
rElec    .         Reflect  .   y - scarf {rC+ rF+} (curse)
rCorr    .         Harm     .   p - +0 pair of gloves
MR       +....                  (no boots)
Stlth    ++........             (no amulet)
HPRegen  0.55/turn              m - +3 ring of strength
MPRegen  0.13/turn              k - +4 ring of evasion (curse)

@: lethally poisoned (0 -> -1), corroded
A: fangs 3, regeneration 1, magic shield, antimagic bite, no potion heal 3, rot
immunity
a: Curse Item, Renounce Religion


You were on level 5 of the Dungeon.
You worshipped Ashenzari.
Ashenzari was noncommittal.
You were hungry.

You visited 1 branch of the dungeon, and saw 6 of its levels.

You collected 233 gold pieces.

Inventory:

Hand Weapons
 h - a +0 whip
 t - a cursed +0 hand axe (weapon)
 v - a +0 hand crossbow
Armour
 a - a +0 robe
 p - a +0 pair of gloves (worn)
 u - a cursed +0 ring mail (worn)
 y - a cursed scarf of resistance (worn)
Jewellery
 e - an uncursed ring of protection from magic
 k - a cursed +4 ring of evasion (right hand)
 m - a +3 ring of strength (left hand)
 n - an uncursed ring of flight
 s - a +2 ring of protection
 w - a cursed ring of teleportation
Wands
 G - a wand of polymorph (15/24)
Scrolls
 d - 4 scrolls of identify
 g - 4 scrolls of recharging {unknown}
 i - 2 scrolls of amnesia {unknown}
 j - 3 scrolls of teleportation {unknown}
 o - a scroll of remove curse
 q - 2 scrolls of random uselessness {unknown}
 A - a scroll of noise {unknown}
Potions
 f - a potion of resistance
 l - 5 potions of curing
 r - a potion of brilliance
 B - a potion of might
 D - a potion of haste
 E - a potion of cancellation
Books
 b - a book of Air

   Spells                             Type                      Level
   a - Shock                          Conjuration/Air              1
   b - Swiftness                      Charms/Air                   2
   c - Static Discharge               Conjuration/Air              3
   d - Airstrike                      Air                          4
   e - Lightning Bolt                 Conjuration/Air              5
 x - a book of the Sky

   Spells                             Type                      Level
   a - Summon Lightning Spire         Summoning/Air                4
   b - Silence                        Hexes/Air                    5
   c - Deflect Missiles               Charms/Air                   6
   d - Conjure Ball Lightning         Conjuration/Air              6
   e - Tornado                        Air                          9
 C - a book of Maledictions

   Spells                             Type                      Level
   a - Corona                         Hexes                        1
   b - Ensorcelled Hibernation        Hexes/Ice                    2
   c - Confuse                        Hexes                        3
   d - Tukima's Dance                 Hexes                        3
   e - Dazzling Spray                 Conjuration/Hexes            3
Comestibles
 c - 4 bread rations
 F - 3 fruits
 H - 6 chunks of flesh


   Skills:
 + Level 8.2 Fighting
 - Level 1.5 Dodging
 - Level 2.5 Stealth
 - Level 2.1 Spellcasting
 - Level 1.1 Conjurations
 - Level 3.1 Air Magic


You had 10 spell levels left.
You knew the following spells:

 Your Spells              Type           Power        Failure   Level  Hunger
a - Shock                 Conj/Air       #...         19%         1    #......


Dungeon Overview and Level Annotations

Branches:
Dungeon (6/15)             Temple (0/1) D:5

Altars:
Ashenzari
Nemelex Xobeh
Uskayaw
Vehumet


Innate Abilities, Weirdness & Mutations

You have razor-sharp teeth.
Your natural rate of healing is unusually fast.
When hurt, damage is shared between your health and your magic reserves.
Your bite disrupts and absorbs the magic of your enemies.
Potions cannot restore your health.
You are immune to rotting.


Message History

You are poisoned.
The adder poisons you! The jelly hits you. The acid corrodes you!
You are splashed with acid!
The acid burns!
You closely miss the adder. You bite the adder. You drain its power.
You feel invigorated.
You kill the adder!
You hit the jelly but do no damage.
Your hands burn!
You feel sick. The jelly hits you. The acid corrodes you!
You are splashed with acid!
The acid burns!
* * * LOW HITPOINT WARNING * * *
You hit the jelly but do no damage. The acid corrodes you!
Your hands burn!
* * * LOW HITPOINT WARNING * * *
The jelly is heavily wounded.
You feel a little less agile now. The jelly hits you.
* * * LOW HITPOINT WARNING * * *
You are splashed with acid!
The acid burns!
* * * LOW HITPOINT WARNING * * *
You hit the jelly but do no damage.
Your hands burn!
You die...

#....>.....#............####.....
..#...#.#..#..#.##.####.# ##....
..........<#..#.##.# ###..
..##.##.##.#..#....# ..... .
#.#.###.#..###..# ###...
.....!...).###..# #...
...............<.# ....
...#####.##.##..## #####
#......@.# ####.##J.# #........
####....... #..##### #..# #...
##.#


You could see a jelly.

Vanquished Creatures
  An orc warrior (D:6)
  An ogre (D:5)
  A centaur (D:5)
  Blork the orc (D:5)
  A bullfrog (D:4)
  A bullfrog zombie (D:5)
  3 orc wizards
  A bullfrog skeleton (D:5)
  Ijyb (D:5)
  An iguana (D:4)
  8 worker ants
  3 gnolls (D:4)
  10 adders
  A worm (D:5)
  4 dart slugs (D:1)
  3 leopard geckos
  9 orcs
  4 ball pythons
  2 giant cockroaches
  9 goblins
  5 hobgoblins
  4 jackals (D:1)
  4 kobolds
  4 quokkas
  7 bats
  6 frilled lizards
  5 rats
100 creatures vanquished.

Notes
Turn   | Place    | Note
-------+----------+-------------------------------------------
     0 | D:1      | terra52 the Vine Stalker Air Elementalist began the quest for the Orb.
     0 | D:1      | Reached XP level 1. HP: 9/9 MP: 4/4
    53 | D:1      | Reached skill level 1 in Fighting
    53 | D:1      | Reached XP level 2. HP: 10/14 MP: 3/6
   293 | D:1      | Reached skill level 2 in Fighting
   318 | D:1      | Reached XP level 3. HP: 8/18 MP: 5/7
   883 | D:2      | Gained mutation: Your natural rate of healing is unusually fast. [Vine Stalker growth]
   883 | D:2      | Reached XP level 4. HP: 22/23 MP: 5/8
   908 | D:2      | Reached skill level 3 in Fighting
  1096 | D:3      | Reached XP level 5. HP: 29/29 MP: 9/9
  1218 | D:2      | Found a radiant altar of Vehumet.
  1218 | D:2      | Found a sparkling altar of Nemelex Xobeh.
  1280 | D:3      | Reached skill level 4 in Fighting
  1571 | D:4      | Found a shattered altar of Ashenzari.
  1576 | D:4      | Became a worshipper of Ashenzari the Shackled
  1636 | D:4      | You fall through a shaft for 2 floors!
  1652 | D:6      | Noticed an orc warrior
  1652 | D:6      | Reached XP level 6. HP: 34/35 MP: 10/10
  1657 | D:6      | Reached skill level 5 in Fighting
  1663 | D:6      | Killed an orc warrior
  1698 | D:6      | Noticed an ice beast
  1702 | D:5      | Entered Level 5 of the Dungeon
  1702 | D:5      | Found a staircase to the Ecumenical Temple.
  1722 | D:4      | Reached skill level 6 in Fighting
  1722 | D:4      | Reached XP level 7. HP: 25/40 MP: 11/11
  1998 | D:5      | Reached skill level 7 in Fighting
  2138 | D:5      | Found a hide-covered altar of Uskayaw.
  2182 | D:5      | Noticed Ijyb
  2197 | D:5      | Killed Ijyb
  2217 | D:5      | Noticed Blork the orc
  2225 | D:5      | Killed Blork the orc
  2225 | D:5      | Gained mutation: You have razor-sharp teeth. [Vine Stalker growth]
  2225 | D:5      | Reached XP level 8. HP: 41/47 MP: 12/12
  2235 | D:5      | Reached skill level 8 in Fighting
  2260 | D:5      | HP: 2/47 [acid (8)]
  2261 | D:5      | Splashed by a jelly's acid

Vault maps used:
D:1:      tarquinn_simple_flora_water_b
D:2:      minitemple
D:3:      minmay_checkerbox, uniq_grinder
D:4:      lemuel_doored_altar, serial_shops, shop
D:5:      eat_drink_and_be_merry_uskayaw, temple_pool_b, first_bread,
          grunt_dithmenos_smoke, uniq_ijyb, uniq_blork_the_orc
D:6:      nicolae_qazlal_style_of_elements, lemuel_flamethrower_2

Skill      XL: |  1  2  3  4  5  6  7  8 |
---------------+-------------------------+-----
Fighting       | 1 2 3 4 6 7 8 |  8.2
Dodging        | |  1.5
Stealth        | |  2.5
Spellcasting   | |  2.1
Conjurations   | |  1.1
Air Magic      | |  3.1

Action                   |  1- 3 |  4- 6 |  7- 9 || total
-------------------------+-------+-------+-------++-------
Melee: Unarmed           |    27 |       |       ||    27
       Bite              |    11 |    25 |    50 ||    86
       Whip              |    11 |       |       ||    11
       Hand axe          |       |   113 |   120 ||   233
 Cast: Shock             |    60 |    21 |       ||    81
Invok: Curse Item        |       |     2 |       ||     2
  Use: Potion            |     2 |     2 |     2 ||     6
       Scroll            |       |       |     3 ||     3
 Stab: Sleeping          |     1 |     2 |     1 ||     4
  Eat: Chunk             |       |     4 |     2 ||     6
Armor: Robe              |    10 |     7 |       ||    17
       Ring mail         |       |    30 |    32 ||    62
Dodge: Dodged            |    42 |   136 |   127 ||   305

Table legend:
 A = Spawn XP
 B = Non-spawn XP
 C = Spawn XP percentage of total XP
 D = Spawn monster count
 E = Non-spawn monster count
 F = Spawn count percentage of total count
 G = Total turns spent on level
                    A         B        C        D         E        F      G
               +---------+---------+-------+---------+---------+-------+---------
         Total |       0 |    1397 |   0.0 |       0 |     100 |   0.0 |  2261
               +---------+---------+-------+---------+---------+-------+---------
           D:1 |       0 |      57 |   0.0 |       0 |      26 |   0.0 |   582
           D:2 |       0 |      45 |   0.0 |       0 |      14 |   0.0 |   539
           D:3 |       0 |     175 |   0.0 |       0 |      21 |   0.0 |   383
           D:4 |       0 |     264 |   0.0 |       0 |      11 |   0.0 |   313
           D:5 |       0 |     649 |   0.0 |       0 |      21 |   0.0 |   378
           D:6 |       0 |     207 |   0.0 |       0 |       7 |   0.0 |    66
               +---------+---------+-------+---------+---------+-------+---------
